Map: Disco Bloodbath LE

Players

Xerdo - Winner!

  • Race: Terran Terran
  • League: Silver
  • Spawn Location: 9:00

Djorn

  • Race: Protoss Protoss
  • League: Silver
  • Spawn Location: 3:00

VOD

Have the link to the VOD?

Description

Time

  • Played on: Aug. 27, 2019, 11:26 p.m.
  • Length: 10:16
Show
View Real Time Build Order
Export as new Build Order

Xerdo Terran - Winner!

Build Orders:  

Get SALT Encoding   

  12  0:01  SCV  
  13  0:16  Supply Depot  
  13  0:18  SCV  
  14  0:33  Supply Depot  
  14  0:34  SCV  
  15  0:47  Barracks  
  15  0:52  Refinery  
  15  0:58  SCV  
  16  1:10  SCV  
  17  1:14  Barracks  
  17  1:23  SCV  
  18  1:36  Refinery, SCV  
  18  1:37  Marine  
  20  1:48  SCV  
  21  2:01  SCV  
  22  2:10  Barracks Tech Lab  
  22  2:19  Barracks Reactor  
  22  2:26  Supply Depot  
  22  2:27  SCV  
  23  2:32  Stimpack  
  23  2:38  Factory  
  23  2:45  Barracks, Marine  
  24  3:02  Barracks  
  24  3:03  SCV  
  25  3:07  Marine x2  
  25  3:09  Marine  
  28  3:25  Starport  
  28  3:31  Marine x2  
  31  3:34  Barracks Reactor  
  31  3:41  Marine  
  31  3:50  SCV  
  32  4:03  Command Center  
  33  4:14  Orbital Command  
  32  4:18  Marine  
  32  4:20  Marine  
  32  4:24  Marine  
  35  4:34  Marine  
  35  4:37  Barracks Reactor  
  36  4:39  Starport Reactor  
  36  4:42  SCV  
  37  4:49  Supply Depot  
  37  4:56  Marine  
  38  5:00  Marine  
  38  5:02  Combat Shield  
  38  5:03  Supply Depot  
  39  5:16  Marine  
  39  5:18  Orbital Command  
  40  5:27  SCV  
  40  5:28  Marine  
  42  5:29  Marine  
  42  5:30  Marine  
  42  5:31  Marine  
  45  5:36  Medivac  
  45  5:41  Medivac  
  49  5:43  Marine  
  50  5:50  SCV  
  50  5:51  SCV  
  52  5:59  Marine x2  
  52  6:00  Marine  
  55  6:06  Medivac  
  55  6:11  Medivac  
  59  6:15  Marine  
  59  6:16  Marine x2  
  59  6:18  SCV  
  63  6:45  Marine x3  
  63  6:46  Marine x4  
  69  6:51  Supply Depot  
  69  6:52  Starport Tech Lab  
  70  7:02  Engineering Bay  
  70  7:06  Supply Depot  
  70  7:09  Supply Depot  
  70  7:12  Marine  
  70  7:13  Widow Mine, Raven, Marine  
  70  7:45  Marine x4  
  70  7:46  Marine  
  75  7:52  Terran Infantry Weapons Level 1  
  75  7:58  Missile Turret  
  75  8:01  Marine x2  
  75  8:03  Marine x2  
  79  8:09  Supply Depot  
  79  8:17  Marine x2  
  81  8:20  SCV x2  
  83  8:33  Supply Depot  
  76  8:57  Marine x3  
  76  8:58  Marine x4  
  77  9:15  Marine x4  
  77  9:16  Marine x3  
  82  9:33  Marine x5  
  82  9:34  Marine  
  88  10:01  Command Center  
Show
View Real Time Build Order
Export as new Build Order

Djorn Protoss 

Build Orders:  

Get SALT Encoding   

  12  0:01  Probe  
  13  0:13  Probe  
  14  0:19  Pylon  
  14  0:25  Probe  
  15  0:37  Probe  
  15  0:39  Gateway  
  16  0:45  Probe  
  17  0:54  Probe  
  17  1:01  Assimilator  
  18  1:14  Gateway  
  18  1:19  Probe  
  19  1:31  Probe  
  20  1:43  Cybernetics Core, Probe  
  21  1:51  Pylon  
  21  1:56  Probe  
  21  1:58  Assimilator  
  22  2:20  Stalker  
  24  2:24  Warp Gate  
  24  2:29  Probe  
  25  2:48  Probe  
  26  3:00  Probe  
  27  3:09  Robotics Facility  
  27  3:22  Pylon  
  27  3:24  Stalker  
  29  3:38  Gateway  
  29  3:40  Gateway  
  29  3:43  Pylon  
  29  3:55  Assimilator  
  29  4:01  Observer  
  30  4:16  Stalker  
  30  4:17  Immortal, Stalker  
  38  4:36  Probe  
  39  4:43  Zealot x3  
  39  4:44  Zealot  
  47  4:54  Pylon  
  47  4:56  Pylon  
  47  5:01  Pylon  
  47  5:08  Twilight Council  
  47  5:12  Immortal, Probe  
  52  5:22  Nexus  
  52  5:30  Charge  
  52  5:44  Stalker  
  52  5:45  Stalker  
  52  5:46  Zealot x2  
  60  6:14  Warp Prism  
  62  6:45  Zealot  
  62  6:46  Zealot  
  66  6:48  Stalker  
  66  6:50  Stalker  
  50  7:59  Zealot  
  50  8:00  Zealot x3  
  58  8:25  Forge  
  58  8:37  Zealot x4  
  48  9:05  Zealot  
  48  9:06  Zealot x3  
  41  9:20  Immortal  
  35  9:27  Zealot x3  
  22  9:45  Zealot  
  22  9:46  Zealot  
  22  9:50  Zealot  
Tags
 
Add a new tag
Caveats
  • Supply blocks, unpowered buildings, or Contaminate may cause inaccurate times.
  • Supply counts are checked every 10 seconds.